Blackhawks vs Canadiens
(R3)
Created - April 21, 2018 at 23:16
Goals
|
| Blackhawks |
0 |
3 |
2 |
5 |
| Canadiens |
2 |
0 |
0 |
2 |
|
Shots
|
| Blackhawks |
11 |
12 |
7 |
30 |
| Canadiens |
8 |
13 |
8 |
29 |
|
1st period
1. Canadiens , Dennis Wideman 7 (Patrick Sharp 59, Sidney Crosby 72) at 18:50 (PP)
2. Canadiens , Patrick Sharp 27 (Dennis Wideman 23) at 19:23 (PP)
Penalties :
Sidney Crosby (Mon) for Tripping (Minor) at 3:22, Joni Pitkanen (Chi) for Tripping (Minor) at 7:19, Patrick Sharp (Mon) for Hooking (Minor) at 11:59, Tyler Kennedy (Chi) for Hooking (Minor) at 18:46, Tyler Kennedy (Chi) for Hooking (Minor) at 19:09
2nd period
3. Blackhawks , Derick Brassard 36 (Mike Green 41, Chad Larose 11) at 2:32 (PP)
4. Blackhawks , Derick Brassard 37 (Antoine Roussel 48, Joni Pitkanen 21) at 13:46 (PP)
5. Blackhawks , Ladislav Smid 3 (Denis Grebeshkov 21, Jaden Schwartz 10) at 19:27
Penalties :
Vitaly Vishnevsky (Mon) for Holding (Minor) at 1:28, Ladislav Nagy (Mon) for Tripping (Minor) at 12:32, Sidney Crosby (Mon) for Fighting (Major) at 19:30, Chad Larose (Chi) for Fighting (Major) at 19:30, David Jones (Mon) for Fighting (Major) at 19:49, Mike Green (Chi) for Fighting (Major) at 19:49
3rd period
6. Blackhawks , Ladislav Smid 4 (Peter Regin 30, Ryan Johansen 16) at 8:26 (PP)
7. Blackhawks , Kyle Brodziak 8 (Steve Ott 3, Jaden Schwartz 11) at 14:00
Penalties :
Wes O'Neill (Mon) for Hooking (Minor) at 2:23, Derick Brassard (Chi) for Holding Stick (Minor) at 3:57, Vitaly Vishnevsky (Mon) for Roughing (Minor) at 5:45, David Jones (Mon) for Roughing (Minor) at 7:55, Derick Brassard (Chi) for Interference (Minor) at 8:41, Sidney Crosby (Mon) for Holding (Minor) at 15:32
Goalie Stats
Jimmy Howard (Chi), 27 saves from 29 shots - (0.931), W, 24-33-15, 60:00 minutes
Jonathan Bernier (Mon), 25 saves from 30 shots - (0.833), L, 37-24-2, 60:00 minutes
Players Stats for Blackhawks
Player Name G A P +/- PIM S H SB GA TA FO MP PP MP PK MP
------------------------------------------------------------------------------------
Antoine Roussel 0 1 1 0 0 2 2 1 1 0 1/4 25:49 7:49 3:57
Chad Larose 0 1 1 0 5 0 0 0 0 0 0/0 18:45 6:38 0:09
Dalton Prout 0 0 0 0 0 0 0 0 0 0 0/0 11:52 0:00 1:29
Denis Grebeshkov 0 1 1 2 0 2 1 1 0 0 0/0 20:09 4:26 1:59
Derick Brassard 2 0 2 0 4 9 1 0 3 0 20/39 23:00 7:48 1:46
Jaden Schwartz 0 2 2 2 0 1 0 0 0 0 0/1 9:31 0:10 1:02
Joni Pitkanen 0 1 1 0 2 1 2 0 0 0 0/0 28:42 7:42 2:25
Kevin Marshall 0 0 0 0 0 2 0 0 0 0 0/0 11:45 0:31 0:02
Kyle Brodziak 1 0 1 2 0 1 2 1 0 0 3/3 12:39 1:26 1:04
Ladislav Smid 2 0 2 2 0 3 3 3 1 0 0/0 20:09 4:26 1:59
Mike Green 0 1 1 0 5 4 1 1 0 0 0/0 27:26 7:11 3:28
Peter Regin 0 1 1 0 0 3 2 1 0 0 8/17 16:30 4:00 0:36
Ryan Johansen 0 1 1 0 0 1 2 0 1 0 2/5 14:14 4:00 2:11
Spencer Machacek 0 0 0 0 0 0 0 2 0 0 0/0 8:05 0:00 0:00
Steve Ott 0 1 1 2 0 1 0 3 0 0 0/1 8:19 0:00 0:00
Taylor Pyatt 0 0 0 0 0 0 1 0 0 0 0/0 9:13 0:32 0:11
Tomas Fleischmann 0 0 0 0 0 0 1 0 0 0 0/0 16:17 4:00 0:31
Tyler Kennedy 0 0 0 0 4 0 0 0 1 0 0/0 11:26 0:00 0:00
Players Stats for Canadiens
Player Name G A P +/- PIM S H SB GA TA FO MP PP MP PK MP
------------------------------------------------------------------------------------
Adam Pardy 0 0 0 0 0 1 1 1 0 0 0/0 9:42 0:00 0:34
Andrew Ebbett 0 0 0 -1 0 1 0 0 0 0 1/2 8:41 0:00 2:36
Brett Maclean 0 0 0 0 0 0 0 0 0 0 0/0 9:20 0:00 0:00
Cal Clutterbuck 0 0 0 -1 0 1 0 1 0 0 0/0 11:11 0:59 0:00
David Jones 0 0 0 0 7 0 1 0 0 0 2/2 11:06 1:12 0:00
Dennis Wideman 1 1 2 -1 0 2 1 2 0 1 0/0 30:50 3:34 6:49
Dustin Boyd 0 0 0 -1 0 3 1 0 0 1 6/9 14:07 2:20 0:00
Evgeny Dadonov 0 0 0 -1 0 3 1 0 0 0 0/2 8:39 0:25 0:00
Greg Stewart 0 0 0 -1 0 2 3 1 0 0 1/1 18:26 2:20 4:00
Joe Pavelski 0 0 0 0 0 6 4 1 0 0 1/2 25:57 3:11 7:40
Karl Alzner 0 0 0 -1 0 1 1 1 0 0 0/0 20:02 2:05 5:19
Ladislav Nagy 0 0 0 -1 2 1 0 0 0 0 0/0 6:09 0:08 0:28
Luke Schenn 0 0 0 -1 0 0 2 1 0 2 0/0 30:50 3:34 6:49
Marcel Goc 0 0 0 0 0 1 1 1 0 0 8/14 13:09 0:01 3:48
Patrick Sharp 1 1 2 0 2 4 3 1 0 0 1/1 19:37 3:10 1:44
Sidney Crosby 0 1 1 0 9 2 2 1 0 1 16/37 20:44 3:10 4:00
Vitaly Vishnevsky 0 0 0 -1 4 0 1 1 0 0 0/0 19:05 2:04 4:33
Wes O'Neill 0 0 0 0 2 1 1 2 0 2 0/0 9:31 0:01 0:12
3 Stars
1 - Ladislav Smid (Chi)
2 - Kyle Brodziak (Chi)
3 - Jaden Schwartz (Chi)
Power Play
Blackhawks - 3 on 8 Attempt(s) - 37.50%
Canadiens - 2 on 5 Attempt(s) - 40.00%
Penalty Kill
Blackhawks - 3 on 5 Attempt(s) - 60.00%
- Score 0 goal in Penalty Kill
Canadiens - 5 on 8 Attempt(s) - 62.50%
- Score 0 goal in Penalty Kill
Team Stat
Blackhawks - Hits : 18 - Faceoff Wins : 34 - Blocked Shots : 13 - Penalty Minutes : 20
Canadiens - Hits : 23 - Faceoff Wins : 36 - Blocked Shots : 14 - Penalty Minutes : 26
Official
Referees : LaRue Dennis and VanMassenhoven Don
Linesman : Bryan Pancich and Scott Cherrey
Game Notes
Sidney Crosby and Chad Larose fight to a draw at 19:30 of 2nd period
David Jones and Mike Green fight to a draw at 19:49 of 2nd period
Cal Clutterbuck is injured at 4:38 of 3rd period (Strained Back)
Finance
Level 1 -- Attendance: 5196 (86.60%) -- Ticket Income $457,248
Level 2 -- Attendance: 4783 (95.66%) -- Ticket Income $263,065
Level 3 -- Attendance: 1969 (98.45%) -- Ticket Income $70,884
Level 4 -- Attendance: 3846 (96.15%) -- Ticket Income $103,842
Luxury Box -- Attendance: 1000 (100.00%) -- Ticket Income $155,000
Game was played at the Centre Bell.
Total Attendance: 16794 (93.30%)
Total Ticket Income: $1,050,039
Other Income: $157,506
Total Income: $1,207,545
Blackhawks
5 vs 5 Forward
Center Left Wing Right Wing Time % Phy DF OF
1 Derick Brassard Antoine Roussel Chad Larose 40 1 2 2
2 Peter Regin Tomas Fleischmann Tyler Kennedy 30 1 2 2
3 Ryan Johansen Taylor Pyatt Spencer Machacek 20 1 2 2
4 Steve Ott Jaden Schwartz Kyle Brodziak 10 1 2 2
5 vs 5 Defense
Defense Defense Time % Phy DF OF
1 Mike Green Joni Pitkanen 40 1 2 2
2 Denis Grebeshkov Ladislav Smid 30 1 2 2
3 Kevin Marshall Dalton Prout 20 1 2 2
4 Mike Green Joni Pitkanen 10 1 2 2
PowerPlay Forward
Center Left Wing Right Wing Time % Phy DF OF
1 Derick Brassard Antoine Roussel Chad Larose 60 1 2 2
2 Peter Regin Tomas Fleischmann Ryan Johansen 40 1 2 2
PowerPlay Defense
Defense Defense Time % Phy DF OF
1 Mike Green Joni Pitkanen 60 1 2 2
2 Denis Grebeshkov Ladislav Smid 40 1 2 2
Penalty Kill 4 Players Forward
Center Wing Time % Phy DF OF
1 Derick Brassard Antoine Roussel 60 1 2 2
2 Peter Regin Tomas Fleischmann 40 1 2 2
Penalty Kill 4 Players Defense
Defense Defense Time % Phy DF OF
1 Mike Green Joni Pitkanen 60 1 2 2
2 Denis Grebeshkov Ladislav Smid 40 1 2 2
Penalty Kill - 3 Players Forward
Forward Time % Phy DF OF
1 Derick Brassard 60 1 2 2
2 Antoine Roussel 40 1 2 2
Penalty Kill - 3 Players Defense
Defense Defense Time % Phy DF OF
1 Mike Green Joni Pitkanen 60 1 2 2
2 Denis Grebeshkov Ladislav Smid 40 1 2 2
4 vs 4 Forward
Center Wing Time % Phy DF OF
1 Derick Brassard Antoine Roussel 60 1 2 2
2 Peter Regin Tomas Fleischmann 40 1 2 2
4 vs 4 Defense
Defense Defense Time % Phy DF OF
1 Mike Green Joni Pitkanen 60 1 2 2
2 Denis Grebeshkov Ladislav Smid 40 1 2 2
Last Minutes Offensive
Center Left Wing Right Wing Defense Defense
Derick Brassard Antoine Roussel Chad Larose Mike Green Joni Pitkanen
Last Minutes Defensive
Center Left Wing Right Wing Defense Defense
Derick Brassard Antoine Roussel Chad Larose Mike Green Joni Pitkanen
Goaltenders
Starting : Jimmy Howard
Backup : Al Montoya
Extra Forwards
Normal : Kyle Brodziak, Taylor Pyatt, Ryan Johansen - PP : Kyle Brodziak, Taylor Pyatt - PK : Ryan Johansen
Extra Defensemen
Normal : Kevin Marshall, Dalton Prout, Denis Grebeshkov - PP : Kevin Marshall - PK : Dalton Prout, Denis Grebeshkov
Penalty Shots
Derick Brassard, Antoine Roussel, Peter Regin, Tomas Fleischmann, Chad Larose
Scratches
Tomas Kaberle (Healthy)
Canadiens
5 vs 5 Forward
Center Left Wing Right Wing Time % Phy DF OF
1 Sidney Crosby Patrick Sharp Joe Pavelski 40 1 2 2
2 Dustin Boyd Greg Stewart Cal Clutterbuck 30 1 2 2
3 Marcel Goc Brett Maclean David Jones 20 1 2 2
4 Andrew Ebbett Ladislav Nagy Evgeny Dadonov 10 1 2 2
5 vs 5 Defense
Defense Defense Time % Phy DF OF
1 Luke Schenn Dennis Wideman 40 1 2 2
2 Vitaly Vishnevsky Karl Alzner 30 1 2 2
3 Wes O'Neill Adam Pardy 20 1 2 2
4 Luke Schenn Dennis Wideman 10 1 2 2
PowerPlay Forward
Center Left Wing Right Wing Time % Phy DF OF
1 Sidney Crosby Patrick Sharp Joe Pavelski 60 1 2 2
2 Dustin Boyd Greg Stewart Cal Clutterbuck 40 1 2 2
PowerPlay Defense
Defense Defense Time % Phy DF OF
1 Luke Schenn Dennis Wideman 60 1 2 2
2 Vitaly Vishnevsky Karl Alzner 40 1 2 2
Penalty Kill 4 Players Forward
Center Wing Time % Phy DF OF
1 Sidney Crosby Joe Pavelski 60 1 2 2
2 Patrick Sharp Greg Stewart 40 1 2 2
Penalty Kill 4 Players Defense
Defense Defense Time % Phy DF OF
1 Luke Schenn Dennis Wideman 60 1 2 2
2 Vitaly Vishnevsky Karl Alzner 40 1 2 2
Penalty Kill - 3 Players Forward
Forward Time % Phy DF OF
1 Sidney Crosby 60 1 2 2
2 Joe Pavelski 40 1 2 2
Penalty Kill - 3 Players Defense
Defense Defense Time % Phy DF OF
1 Luke Schenn Dennis Wideman 60 1 2 2
2 Vitaly Vishnevsky Karl Alzner 40 1 2 2
4 vs 4 Forward
Center Wing Time % Phy DF OF
1 Sidney Crosby Joe Pavelski 60 1 2 2
2 Patrick Sharp Greg Stewart 40 1 2 2
4 vs 4 Defense
Defense Defense Time % Phy DF OF
1 Luke Schenn Dennis Wideman 60 1 2 2
2 Vitaly Vishnevsky Karl Alzner 40 1 2 2
Last Minutes Offensive
Center Left Wing Right Wing Defense Defense
Sidney Crosby Patrick Sharp Joe Pavelski Luke Schenn Dennis Wideman
Last Minutes Defensive
Center Left Wing Right Wing Defense Defense
Sidney Crosby Patrick Sharp Joe Pavelski Luke Schenn Dennis Wideman
Goaltenders
Starting : Jonathan Bernier
Backup : Mikael Tellqvist
Extra Forwards
Normal : David Jones, Evgeny Dadonov, Marcel Goc - PP : David Jones, Evgeny Dadonov - PK : Marcel Goc
Extra Defensemen
Normal : Wes O'Neill, Adam Pardy, Vitaly Vishnevsky - PP : Wes O'Neill - PK : Adam Pardy, Vitaly Vishnevsky
Penalty Shots
Sidney Crosby, Joe Pavelski, Patrick Sharp, Greg Stewart, Dustin Boyd
Scratches
Jason Spezza (Sprained Left Ankle Injury)
% Time on Ice - Blackhawks
Lines # - Real PCT - Wanted PCT - Time Play
Normal Forward
1 - 32% - 40% - 13:27
2 - 28% - 30% - 11:46
3 - 19% - 20% - 8:05
4 - 20% - 10% - 8:19
Normal Defense
1 - 40% - 40% - 16:44
2 - 33% - 30% - 13:44
3 - 24% - 20% - 9:54
4 - 3% - 10% - 1:15
PP Forward
1 - 67% - 60% - 8:08
2 - 33% - 40% - 4:00
PP Defense
1 - 63% - 60% - 7:42
2 - 37% - 40% - 4:26
PK Forward
1 - 91% - 60% - 5:08
2 - 9% - 40% - 0:31
PK Defense
1 - 65% - 60% - 3:40
2 - 35% - 40% - 1:59
PK3 Forward
1 - 0% - 60%
2 - 0% - 40%
PK3 Defense
1 - 0% - 60%
2 - 0% - 40%
44 Forward
1 - 100% - 60% - 0:36
2 - 0% - 40% - 0:00
44 Defense
1 - 100% - 60% - 0:36
2 - 0% - 40% - 0:00
Last Minute Offensive - 0:00
Last Minute Defensive - 0:00
Total
Forward - 60:00
Defense - 60:00
|
% Time on Ice - Canadiens
Lines # - Real PCT - Wanted PCT - Time Play
Normal Forward
1 - 35% - 40% - 14:34
2 - 29% - 30% - 12:16
3 - 22% - 20% - 9:20
4 - 13% - 10% - 5:27
Normal Defense
1 - 44% - 40% - 18:20
2 - 30% - 30% - 12:27
3 - 22% - 20% - 9:08
4 - 4% - 10% - 1:42
PP Forward
1 - 56% - 60% - 3:11
2 - 44% - 40% - 2:28
PP Defense
1 - 63% - 60% - 3:34
2 - 37% - 40% - 2:05
PK Forward
1 - 79% - 60% - 9:38
2 - 21% - 40% - 2:30
PK Defense
1 - 56% - 60% - 6:49
2 - 44% - 40% - 5:19
PK3 Forward
1 - 0% - 60%
2 - 0% - 40%
PK3 Defense
1 - 0% - 60%
2 - 0% - 40%
44 Forward
1 - 100% - 60% - 0:36
2 - 0% - 40% - 0:00
44 Defense
1 - 69% - 60% - 0:25
2 - 31% - 40% - 0:11
Last Minute Offensive - 0:00
Last Minute Defensive - 0:00
Total
Forward - 60:00
Defense - 60:00
|
Play by Play
1st period
0:01 of 1st period - Derick Brassard wins face-off versus Sidney Crosby in neutral zone.
0:08 of 1st period - Wrist shot by Antoine Roussel.
0:08 of 1st period - Shot Misses the Net.
0:26 of 1st period - Joni Pitkanen is hit by Dennis Wideman and loses puck.
2:04 of 1st period - Slapshot by Peter Regin.
2:04 of 1st period - Shot Blocked by Adam Pardy.
2:06 of 1st period - Slapshot by Denis Grebeshkov.
2:06 of 1st period - Shot Blocked by Wes O'Neill.
2:16 of 1st period - Dustin Boyd is hit by Ryan Johansen and loses puck.
2:23 of 1st period - Snap shot by Greg Stewart.
2:23 of 1st period - Shot Misses the Net.
2:25 of 1st period - Slapshot by Wes O'Neill.
2:25 of 1st period - Shot Blocked by Spencer Machacek.
2:27 of 1st period - Slapshot by Adam Pardy.
2:27 of 1st period - Shot Misses the Net.
3:01 of 1st period - Steve Ott is hit by Sidney Crosby and loses puck.
3:08 of 1st period - Snap shot by Joe Pavelski.
3:08 of 1st period - Stopped by Jimmy Howard without a rebound.
3:09 of 1st period - Derick Brassard wins face-off versus Sidney Crosby in Blackhawks zone.
3:09 of 1st period - Derick Brassard is hit by Patrick Sharp.
3:22 of 1st period - Minor Penalty to Sidney Crosby for Tripping.
3:23 of 1st period - Marcel Goc wins face-off versus Derick Brassard in Canadiens zone.
4:15 of 1st period - Karl Alzner is hit by Antoine Roussel.
4:35 of 1st period - Off-side.
4:36 of 1st period - Marcel Goc wins face-off versus Peter Regin in neutral zone.
4:53 of 1st period - Wrist shot by Derick Brassard.
4:53 of 1st period - Shot Misses the Net.
4:55 of 1st period - Slapshot by Denis Grebeshkov.
4:55 of 1st period - Deflect By Joe Pavelski.
4:55 of 1st period - Stopped by Jonathan Bernier with a rebound.
5:22 of 1st period - Penalty to Sidney Crosby is over, Sidney Crosby is back on ice.
6:15 of 1st period - Wrist shot by Peter Regin.
6:15 of 1st period - Stopped by Jonathan Bernier without a rebound.
6:16 of 1st period - Peter Regin wins face-off versus Sidney Crosby in Canadiens zone.
6:19 of 1st period - Slapshot by Peter Regin.
6:19 of 1st period - Shot Misses the Net.
6:23 of 1st period - Slapshot by Peter Regin.
6:23 of 1st period - Stopped by Jonathan Bernier with a rebound.
6:25 of 1st period - Slapshot by Ladislav Smid.
6:25 of 1st period - Stopped by Jonathan Bernier without a rebound.
6:26 of 1st period - Sidney Crosby wins face-off versus Antoine Roussel in Canadiens zone.
6:33 of 1st period - Snap shot by Sidney Crosby.
6:33 of 1st period - Deflect By Joe Pavelski.
6:33 of 1st period - Shot Misses the Net.
6:33 of 1st period - Puck is out of play.
6:34 of 1st period - Sidney Crosby wins face-off versus Antoine Roussel in Blackhawks zone.
6:35 of 1st period - Wrist shot by Joe Pavelski.
6:35 of 1st period - Stopped by Jimmy Howard with a rebound.
6:54 of 1st period - Wrist shot by Derick Brassard.
6:54 of 1st period - Stopped by Jonathan Bernier without a rebound.
6:55 of 1st period - Peter Regin wins face-off versus Dustin Boyd in Canadiens zone.
7:19 of 1st period - Minor Penalty to Joni Pitkanen for Tripping.
7:20 of 1st period - Derick Brassard wins face-off versus Sidney Crosby in Blackhawks zone.
7:55 of 1st period - Slapshot by Luke Schenn.
7:55 of 1st period - Deflect By Greg Stewart.
7:55 of 1st period - Stopped by Jimmy Howard with a rebound.
7:57 of 1st period - Slapshot by Dennis Wideman.
7:57 of 1st period - Deflect By Greg Stewart.
7:57 of 1st period - Shot Blocked by Peter Regin.
7:57 of 1st period - Puck is out of play.
7:58 of 1st period - Peter Regin wins face-off versus Sidney Crosby in Blackhawks zone.
7:58 of 1st period - Peter Regin is hit by Vitaly Vishnevsky.
8:03 of 1st period - Off-side.
8:04 of 1st period - Derick Brassard wins face-off versus Sidney Crosby in neutral zone.
8:28 of 1st period - Slapshot by Joe Pavelski.
8:28 of 1st period - Shot Misses the Net.
8:30 of 1st period - Wrist shot by Karl Alzner.
8:30 of 1st period - Deflect By Sidney Crosby.
8:30 of 1st period - Shot Misses the Net.
8:30 of 1st period - Puck is out of play.
8:31 of 1st period - Dustin Boyd wins face-off versus Derick Brassard in Blackhawks zone.
9:19 of 1st period - Penalty to Joni Pitkanen is over, Joni Pitkanen is back on ice.
9:36 of 1st period - Snap shot by Mike Green.
9:36 of 1st period - Shot Misses the Net.
9:38 of 1st period - Slapshot by Kevin Marshall.
9:38 of 1st period - Stopped by Jonathan Bernier with a rebound.
9:40 of 1st period - Slapshot by Kevin Marshall.
9:40 of 1st period - Stopped by Jonathan Bernier without a rebound.
9:41 of 1st period - Sidney Crosby wins face-off versus Peter Regin in Canadiens zone.
9:57 of 1st period - Wrist shot by Peter Regin.
9:57 of 1st period - Deflect By Tomas Fleischmann.
9:57 of 1st period - Shot Misses the Net.
9:57 of 1st period - Puck is out of play.
9:58 of 1st period - Dustin Boyd wins face-off versus Derick Brassard in Canadiens zone.
9:58 of 1st period - Dustin Boyd is hit by Derick Brassard.
10:24 of 1st period - Sidney Crosby is hit by Peter Regin and loses puck.
10:33 of 1st period - Slapshot by Peter Regin.
10:33 of 1st period - Stopped by Jonathan Bernier with a rebound.
10:35 of 1st period - Snap shot by Mike Green.
10:35 of 1st period - Stopped by Jonathan Bernier without a rebound.
10:36 of 1st period - Derick Brassard wins face-off versus Marcel Goc in Canadiens zone.
10:45 of 1st period - Slapshot by Vitaly Vishnevsky.
10:45 of 1st period - Deflect By David Jones.
10:45 of 1st period - Shot Blocked by Antoine Roussel.
10:45 of 1st period - Puck is out of play.
10:46 of 1st period - Derick Brassard wins face-off versus Marcel Goc in Blackhawks zone.
10:54 of 1st period - Icing by Antoine Roussel.
10:55 of 1st period - Derick Brassard wins face-off versus Joe Pavelski in Blackhawks zone.
10:55 of 1st period - Derick Brassard is hit by Patrick Sharp.
11:05 of 1st period - Dennis Wideman is hit by Antoine Roussel and loses puck.
11:12 of 1st period - Snap shot by Antoine Roussel.
11:12 of 1st period - Shot Blocked by Patrick Sharp.
11:14 of 1st period - Slapshot by Antoine Roussel.
11:14 of 1st period - Shot Misses the Net.
11:16 of 1st period - Wrist shot by Antoine Roussel.
11:16 of 1st period - Shot Hit the Post.
11:28 of 1st period - Slapshot by Derick Brassard.
11:28 of 1st period - Stopped by Jonathan Bernier with a rebound.
11:50 of 1st period - Snap shot by Derick Brassard.
11:50 of 1st period - Stopped by Jonathan Bernier with a rebound.
11:59 of 1st period - Minor Penalty to Patrick Sharp for Hooking.
12:00 of 1st period - Marcel Goc wins face-off versus Peter Regin in Canadiens zone.
13:39 of 1st period - Karl Alzner is hit by Taylor Pyatt and loses puck.
13:59 of 1st period - Penalty to Patrick Sharp is over, Patrick Sharp is back on ice.
14:56 of 1st period - Snap shot by Dustin Boyd.
14:56 of 1st period - Shot Blocked by Ladislav Smid.
16:44 of 1st period - Spencer Machacek is hit by Luke Schenn.
17:10 of 1st period - Denis Grebeshkov is hit by Adam Pardy.
17:39 of 1st period - Snap shot by Evgeny Dadonov.
17:39 of 1st period - Stopped by Jimmy Howard with a rebound.
17:41 of 1st period - Snap shot by Ladislav Nagy.
17:41 of 1st period - Shot Blocked by Steve Ott.
18:09 of 1st period - Backhand shot by David Jones.
18:09 of 1st period - Deflect By Marcel Goc.
18:09 of 1st period - Shot Misses the Net.
18:09 of 1st period - Puck is out of play.
18:10 of 1st period - David Jones wins face-off versus Ryan Johansen in Blackhawks zone.
18:39 of 1st period - Wrist shot by Tyler Kennedy.
18:39 of 1st period - Shot Misses the Net.
18:46 of 1st period - Minor Penalty to Tyler Kennedy for Hooking.
18:47 of 1st period - Sidney Crosby wins face-off versus Derick Brassard in Blackhawks zone.
18:48 of 1st period - Snap shot by Patrick Sharp.
18:48 of 1st period - Shot Misses the Net.
18:50 of 1st period - Snap shot by Dennis Wideman.
18:50 of 1st period - Goal by Dennis Wideman - Blackhawks : 0 - Canadiens : 1.
18:51 of 1st period - Derick Brassard wins face-off versus Sidney Crosby in neutral zone.
19:06 of 1st period - Wrist shot by Joe Pavelski.
19:06 of 1st period - Stopped by Jimmy Howard without a rebound.
19:07 of 1st period - Peter Regin wins face-off versus Dustin Boyd in Blackhawks zone.
19:09 of 1st period - Minor Penalty to Tyler Kennedy for Hooking.
19:10 of 1st period - Derick Brassard wins face-off versus Sidney Crosby in Blackhawks zone.
19:18 of 1st period - Derick Brassard is hit by Sidney Crosby and loses puck.
19:23 of 1st period - Snap shot by Patrick Sharp.
19:23 of 1st period - Goal by Patrick Sharp - Blackhawks : 0 - Canadiens : 2.
19:24 of 1st period - Derick Brassard wins face-off versus Sidney Crosby in neutral zone.
19:41 of 1st period - Snap shot by Joe Pavelski.
19:41 of 1st period - Stopped by Jimmy Howard without a rebound.
19:42 of 1st period - Peter Regin wins face-off versus Dustin Boyd in Blackhawks zone.
Goals for this period are 0 for Blackhawks vs 2 for Canadiens.
Shots for this period are 11 for Blackhawks vs 8 for Canadiens.
2nd period
0:01 of 2nd period - Derick Brassard wins face-off versus Sidney Crosby in neutral zone.
0:16 of 2nd period - Snap shot by Derick Brassard.
0:16 of 2nd period - Stopped by Jonathan Bernier without a rebound.
0:17 of 2nd period - Dustin Boyd wins face-off versus Peter Regin in Canadiens zone.
0:17 of 2nd period - Dustin Boyd is hit by Joni Pitkanen.
0:43 of 2nd period - Derick Brassard is hit by Patrick Sharp and loses puck.
0:48 of 2nd period - Wrist shot by Sidney Crosby.
0:48 of 2nd period - Stopped by Jimmy Howard without a rebound.
0:49 of 2nd period - Sidney Crosby wins face-off versus Derick Brassard in Blackhawks zone.
0:52 of 2nd period - Snap shot by Patrick Sharp.
0:52 of 2nd period - Shot Misses the Net.
1:00 of 2nd period - Wrist shot by Sidney Crosby.
1:00 of 2nd period - Shot Misses the Net.
1:19 of 2nd period - Snap shot by Dustin Boyd.
1:19 of 2nd period - Stopped by Jimmy Howard with a rebound.
1:21 of 2nd period - Wrist shot by Cal Clutterbuck.
1:21 of 2nd period - Stopped by Jimmy Howard with a rebound.
1:27 of 2nd period - Wrist shot by Dustin Boyd.
1:27 of 2nd period - Stopped by Jimmy Howard without a rebound.
1:28 of 2nd period - Marcel Goc wins face-off versus Derick Brassard in Blackhawks zone.
1:28 of 2nd period - Minor Penalty to Vitaly Vishnevsky for Holding.
1:29 of 2nd period - Derick Brassard wins face-off versus Sidney Crosby in Canadiens zone.
1:36 of 2nd period - Snap shot by Chad Larose.
1:36 of 2nd period - Deflect By Antoine Roussel.
1:36 of 2nd period - Shot Blocked by Sidney Crosby.
1:36 of 2nd period - Puck is out of play.
1:37 of 2nd period - Derick Brassard wins face-off versus Sidney Crosby in Canadiens zone.
2:26 of 2nd period - Slapshot by Derick Brassard.
2:26 of 2nd period - Shot Misses the Net.
2:28 of 2nd period - Wrist shot by Mike Green.
2:28 of 2nd period - Stopped by Jonathan Bernier with a rebound.
2:30 of 2nd period - Slapshot by Mike Green.
2:30 of 2nd period - Stopped by Jonathan Bernier with a rebound.
2:32 of 2nd period - Wrist shot by Derick Brassard.
2:32 of 2nd period - Goal by Derick Brassard - Blackhawks : 1 - Canadiens : 2.
2:33 of 2nd period - Dustin Boyd wins face-off versus Peter Regin in neutral zone.
2:35 of 2nd period - Karl Alzner is hit by Ladislav Smid and loses puck.
3:21 of 2nd period - Wrist shot by Evgeny Dadonov.
3:21 of 2nd period - Stopped by Jimmy Howard without a rebound.
3:22 of 2nd period - Sidney Crosby wins face-off versus Jaden Schwartz in Blackhawks zone.
3:31 of 2nd period - Wrist shot by Joe Pavelski.
3:31 of 2nd period - Shot Misses the Net.
3:33 of 2nd period - Wrist shot by Patrick Sharp.
3:33 of 2nd period - Stopped by Jimmy Howard with a rebound.
3:35 of 2nd period - Slapshot by Patrick Sharp.
3:35 of 2nd period - Shot Blocked by Kyle Brodziak.
3:37 of 2nd period - Wrist shot by Patrick Sharp.
3:37 of 2nd period - Stopped by Jimmy Howard without a rebound.
3:38 of 2nd period - Dustin Boyd wins face-off versus Derick Brassard in Blackhawks zone.
4:56 of 2nd period - Luke Schenn is hit by Kyle Brodziak and loses puck.
6:32 of 2nd period - Wrist shot by Andrew Ebbett.
6:32 of 2nd period - Shot Misses the Net.
7:44 of 2nd period - Sidney Crosby is hit by Ryan Johansen.
7:53 of 2nd period - Joe Pavelski is hit by Ladislav Smid.
8:10 of 2nd period - Icing by Steve Ott.
8:11 of 2nd period - Greg Stewart wins face-off versus Steve Ott in Blackhawks zone.
8:12 of 2nd period - Wrist shot by Cal Clutterbuck.
8:12 of 2nd period - Shot Misses the Net.
8:28 of 2nd period - Snap shot by Jaden Schwartz.
8:28 of 2nd period - Shot Misses the Net.
8:49 of 2nd period - Steve Ott is hit by Greg Stewart and loses puck.
8:58 of 2nd period - Kyle Brodziak is hit by Karl Alzner and loses puck.
9:03 of 2nd period - Snap shot by Greg Stewart.
9:03 of 2nd period - Shot Misses the Net.
9:05 of 2nd period - Slapshot by Karl Alzner.
9:05 of 2nd period - Shot Blocked by Steve Ott.
9:07 of 2nd period - Snap shot by Karl Alzner.
9:07 of 2nd period - Stopped by Jimmy Howard with a rebound.
9:21 of 2nd period - Slapshot by Denis Grebeshkov.
9:21 of 2nd period - Shot Misses the Net.
9:23 of 2nd period - Snap shot by Kyle Brodziak.
9:23 of 2nd period - Shot Misses the Net.
9:35 of 2nd period - Snap shot by Steve Ott.
9:35 of 2nd period - Stopped by Jonathan Bernier with a rebound.
9:37 of 2nd period - Snap shot by Jaden Schwartz.
9:37 of 2nd period - Shot Misses the Net.
9:39 of 2nd period - Wrist shot by Jaden Schwartz.
9:39 of 2nd period - Stopped by Jonathan Bernier with a rebound.
9:41 of 2nd period - Slapshot by Denis Grebeshkov.
9:41 of 2nd period - Shot Blocked by Greg Stewart.
9:43 of 2nd period - Wrist shot by Denis Grebeshkov.
9:43 of 2nd period - Deflect By Greg Stewart.
9:43 of 2nd period - Stopped by Jonathan Bernier without a rebound.
9:44 of 2nd period - Sidney Crosby wins face-off versus Derick Brassard in Canadiens zone.
10:00 of 2nd period - Wrist shot by Sidney Crosby.
10:00 of 2nd period - Stopped by Jimmy Howard without a rebound.
10:01 of 2nd period - Marcel Goc wins face-off versus Peter Regin in Blackhawks zone.
10:37 of 2nd period - Slapshot by Joe Pavelski.
10:37 of 2nd period - Stopped by Jimmy Howard with a rebound.
11:12 of 2nd period - David Jones is hit by Ladislav Smid and loses puck.
11:23 of 2nd period - Wrist shot by Derick Brassard.
11:23 of 2nd period - Stopped by Jonathan Bernier with a rebound.
12:32 of 2nd period - Minor Penalty to Ladislav Nagy for Tripping.
12:33 of 2nd period - Derick Brassard wins face-off versus Sidney Crosby in Canadiens zone.
12:38 of 2nd period - Snap shot by Derick Brassard.
12:38 of 2nd period - Deflect By Sidney Crosby.
12:38 of 2nd period - Shot Misses the Net.
12:38 of 2nd period - Puck is out of play.
12:39 of 2nd period - Sidney Crosby wins face-off versus Derick Brassard in Canadiens zone.
13:42 of 2nd period - Snap shot by Antoine Roussel.
13:42 of 2nd period - Shot Blocked by Karl Alzner.
13:44 of 2nd period - Snap shot by Antoine Roussel.
13:44 of 2nd period - Shot Misses the Net.
13:46 of 2nd period - Snap shot by Derick Brassard.
13:46 of 2nd period - Goal by Derick Brassard - Blackhawks : 2 - Canadiens : 2.
13:47 of 2nd period - Sidney Crosby wins face-off versus Peter Regin in neutral zone.
14:14 of 2nd period - Ryan Johansen is hit by Dustin Boyd.
14:22 of 2nd period - Snap shot by Ryan Johansen.
14:22 of 2nd period - Stopped by Jonathan Bernier without a rebound.
14:23 of 2nd period - Ryan Johansen wins face-off versus Sidney Crosby in Canadiens zone.
14:38 of 2nd period - Slapshot by Taylor Pyatt.
14:38 of 2nd period - Shot Blocked by Vitaly Vishnevsky.
15:21 of 2nd period - Snap shot by Peter Regin.
15:21 of 2nd period - Shot Misses the Net.
16:04 of 2nd period - Wrist shot by Ladislav Nagy.
16:04 of 2nd period - Stopped by Jimmy Howard with a rebound.
16:54 of 2nd period - Mike Green is hit by Joe Pavelski and loses puck.
17:21 of 2nd period - Slapshot by Andrew Ebbett.
17:21 of 2nd period - Stopped by Jimmy Howard without a rebound.
17:22 of 2nd period - Sidney Crosby wins face-off versus Ryan Johansen in Blackhawks zone.
17:23 of 2nd period - Slapshot by Patrick Sharp.
17:23 of 2nd period - Shot Blocked by Ladislav Smid.
17:25 of 2nd period - Wrist shot by Adam Pardy.
17:25 of 2nd period - Shot Misses the Net.
17:31 of 2nd period - Snap shot by Sidney Crosby.
17:31 of 2nd period - Shot Blocked by Denis Grebeshkov.
17:33 of 2nd period - Slapshot by Wes O'Neill.
17:33 of 2nd period - Shot Blocked by Spencer Machacek.
17:47 of 2nd period - Ladislav Smid is hit by Wes O'Neill and loses puck.
17:58 of 2nd period - Snap shot by Derick Brassard.
17:58 of 2nd period - Shot Misses the Net.
18:07 of 2nd period - Icing by Antoine Roussel.
18:08 of 2nd period - Peter Regin wins face-off versus Marcel Goc in Blackhawks zone.
18:23 of 2nd period - Slapshot by Peter Regin.
18:23 of 2nd period - Deflect By Tomas Fleischmann.
18:23 of 2nd period - Shot Blocked by Wes O'Neill.
18:23 of 2nd period - Puck is out of play.
18:24 of 2nd period - Derick Brassard wins face-off versus Sidney Crosby in Canadiens zone.
18:29 of 2nd period - Snap shot by Derick Brassard.
18:29 of 2nd period - Stopped by Jonathan Bernier without a rebound.
18:30 of 2nd period - Sidney Crosby wins face-off versus Derick Brassard in Canadiens zone.
18:35 of 2nd period - Backhand shot by Dennis Wideman.
18:35 of 2nd period - Stopped by Jimmy Howard with a rebound.
18:43 of 2nd period - Slapshot by Antoine Roussel.
18:43 of 2nd period - Shot Blocked by Luke Schenn.
18:45 of 2nd period - Snap shot by Antoine Roussel.
18:45 of 2nd period - Shot Blocked by Joe Pavelski.
19:03 of 2nd period - Slapshot by Joni Pitkanen.
19:03 of 2nd period - Shot Blocked by Dennis Wideman.
19:25 of 2nd period - Slapshot by Denis Grebeshkov.
19:25 of 2nd period - Shot Misses the Net.
19:27 of 2nd period - Snap shot by Ladislav Smid.
19:27 of 2nd period - Goal by Ladislav Smid - Blackhawks : 3 - Canadiens : 2.
19:28 of 2nd period - Derick Brassard wins face-off versus Sidney Crosby in neutral zone.
19:30 of 2nd period - Sidney Crosby and Chad Larose fight to a draw.
19:30 of 2nd period - Penalty to Sidney Crosby for Fighting.
19:30 of 2nd period - Penalty to Chad Larose for Fighting.
19:31 of 2nd period - David Jones wins face-off versus Derick Brassard in Canadiens zone.
19:49 of 2nd period - David Jones and Mike Green fight to a draw.
19:49 of 2nd period - Penalty to David Jones for Fighting.
19:49 of 2nd period - Penalty to Mike Green for Fighting.
19:50 of 2nd period - Joe Pavelski wins face-off versus Derick Brassard in neutral zone.
Goals for this period are 3 for Blackhawks vs 0 for Canadiens.
Shots for this period are 12 for Blackhawks vs 13 for Canadiens.
3rd period
0:01 of 3rd period - Derick Brassard wins face-off versus Evgeny Dadonov in neutral zone.
0:04 of 3rd period - Joe Pavelski is hit by Kyle Brodziak and loses puck.
0:27 of 3rd period - Dustin Boyd is hit by Peter Regin and loses puck.
1:21 of 3rd period - Patrick Sharp is hit by Tomas Fleischmann and loses puck.
1:34 of 3rd period - Andrew Ebbett is hit by Joni Pitkanen and loses puck.
2:23 of 3rd period - Minor Penalty to Wes O'Neill for Hooking.
2:24 of 3rd period - Marcel Goc wins face-off versus Derick Brassard in Canadiens zone.
2:37 of 3rd period - Antoine Roussel is hit by Joe Pavelski and loses puck.
3:41 of 3rd period - Icing by Ladislav Smid.
3:42 of 3rd period - Andrew Ebbett wins face-off versus Peter Regin in Blackhawks zone.
3:57 of 3rd period - Minor Penalty to Derick Brassard for Holding Stick.
3:58 of 3rd period - Kyle Brodziak wins face-off versus Evgeny Dadonov in Blackhawks zone.
3:58 of 3rd period - Kyle Brodziak is hit by Joe Pavelski.
4:23 of 3rd period - Penalty to Wes O'Neill is over, Wes O'Neill is back on ice.
4:30 of 3rd period - Penalty to Chad Larose is over, Chad Larose is back on ice.
4:38 of 3rd period - Snap shot by Ryan Johansen.
4:38 of 3rd period - Shot Blocked by Cal Clutterbuck.
4:38 of 3rd period - Cal Clutterbuck from Canadiens is injured at 4:38 of 3rd period (Strained Back).
4:39 of 3rd period - Antoine Roussel wins face-off versus Sidney Crosby in Canadiens zone.
4:49 of 3rd period - Penalty to Mike Green is over, Mike Green is back on ice.
4:52 of 3rd period - Snap shot by Antoine Roussel.
4:52 of 3rd period - Stopped by Jonathan Bernier without a rebound.
4:53 of 3rd period - Sidney Crosby wins face-off versus Ryan Johansen in Canadiens zone.
5:45 of 3rd period - Minor Penalty to Vitaly Vishnevsky for Roughing.
5:46 of 3rd period - Kyle Brodziak wins face-off versus Sidney Crosby in Canadiens zone.
5:55 of 3rd period - Off-side.
5:56 of 3rd period - Kyle Brodziak wins face-off versus Sidney Crosby in neutral zone.
5:57 of 3rd period - Penalty to Derick Brassard is over, Derick Brassard is back on ice.
6:08 of 3rd period - Off-side.
6:09 of 3rd period - Sidney Crosby wins face-off versus Derick Brassard in neutral zone.
6:34 of 3rd period - Ryan Johansen is hit by Greg Stewart and loses puck.
6:40 of 3rd period - Off-side.
6:41 of 3rd period - Patrick Sharp wins face-off versus Derick Brassard in neutral zone.
7:45 of 3rd period - Penalty to Vitaly Vishnevsky is over, Vitaly Vishnevsky is back on ice.
7:55 of 3rd period - Minor Penalty to David Jones for Roughing.
7:56 of 3rd period - Sidney Crosby wins face-off versus Derick Brassard in Canadiens zone.
8:02 of 3rd period - Backhand shot by Joe Pavelski.
8:02 of 3rd period - Shot Blocked by Mike Green.
8:24 of 3rd period - Snap shot by Peter Regin.
8:24 of 3rd period - Shot Misses the Net.
8:26 of 3rd period - Slapshot by Ladislav Smid.
8:26 of 3rd period - Goal by Ladislav Smid - Blackhawks : 4 - Canadiens : 2.
8:27 of 3rd period - Sidney Crosby wins face-off versus Derick Brassard in neutral zone.
8:36 of 3rd period - Wrist shot by Joe Pavelski.
8:36 of 3rd period - Stopped by Jimmy Howard with a rebound.
8:38 of 3rd period - Slapshot by Patrick Sharp.
8:38 of 3rd period - Stopped by Jimmy Howard without a rebound.
8:39 of 3rd period - Derick Brassard wins face-off versus Sidney Crosby in Blackhawks zone.
8:41 of 3rd period - Minor Penalty to Derick Brassard for Interference.
8:42 of 3rd period - Ryan Johansen wins face-off versus Sidney Crosby in Blackhawks zone.
8:56 of 3rd period - Snap shot by Joe Pavelski.
8:56 of 3rd period - Shot Misses the Net.
10:39 of 3rd period - Ladislav Nagy is hit by Denis Grebeshkov.
10:41 of 3rd period - Penalty to Derick Brassard is over, Derick Brassard is back on ice.
10:54 of 3rd period - Peter Regin is hit by Marcel Goc and loses puck.
11:06 of 3rd period - Icing by Kevin Marshall.
11:07 of 3rd period - Peter Regin wins face-off versus Andrew Ebbett in Blackhawks zone.
11:07 of 3rd period - Peter Regin is hit by Evgeny Dadonov.
11:21 of 3rd period - Wrist shot by Evgeny Dadonov.
11:21 of 3rd period - Stopped by Jimmy Howard with a rebound.
11:23 of 3rd period - Slapshot by Adam Pardy.
11:23 of 3rd period - Stopped by Jimmy Howard with a rebound.
11:53 of 3rd period - Slapshot by Wes O'Neill.
11:53 of 3rd period - Stopped by Jimmy Howard without a rebound.
11:54 of 3rd period - Dustin Boyd wins face-off versus Antoine Roussel in Blackhawks zone.
12:03 of 3rd period - Slapshot by Greg Stewart.
12:03 of 3rd period - Stopped by Jimmy Howard with a rebound.
12:05 of 3rd period - Slapshot by Greg Stewart.
12:05 of 3rd period - Shot Misses the Net.
12:07 of 3rd period - Snap shot by Dustin Boyd.
12:07 of 3rd period - Stopped by Jimmy Howard with a rebound.
12:19 of 3rd period - Joni Pitkanen is hit by Joe Pavelski and loses puck.
12:26 of 3rd period - Backhand shot by Joe Pavelski.
12:26 of 3rd period - Shot Misses the Net.
13:58 of 3rd period - Slapshot by Steve Ott.
13:58 of 3rd period - Shot Misses the Net.
14:00 of 3rd period - Snap shot by Kyle Brodziak.
14:00 of 3rd period - Goal by Kyle Brodziak - Blackhawks : 5 - Canadiens : 2.
14:01 of 3rd period - Sidney Crosby wins face-off versus Derick Brassard in neutral zone.
14:12 of 3rd period - Snap shot by Sidney Crosby.
14:12 of 3rd period - Shot Blocked by Ladislav Smid.
15:32 of 3rd period - Minor Penalty to Sidney Crosby for Holding.
15:33 of 3rd period - Marcel Goc wins face-off versus Derick Brassard in Canadiens zone.
15:42 of 3rd period - Slapshot by Joni Pitkanen.
15:42 of 3rd period - Shot Blocked by Marcel Goc.
15:44 of 3rd period - Wrist shot by Antoine Roussel.
15:44 of 3rd period - Stopped by Jonathan Bernier with a rebound.
15:46 of 3rd period - Slapshot by Joni Pitkanen.
15:46 of 3rd period - Stopped by Jonathan Bernier without a rebound.
15:47 of 3rd period - Derick Brassard wins face-off versus Marcel Goc in Canadiens zone.
15:56 of 3rd period - Snap shot by Derick Brassard.
15:56 of 3rd period - Stopped by Jonathan Bernier with a rebound.
15:58 of 3rd period - Backhand shot by Joni Pitkanen.
15:58 of 3rd period - Shot Misses the Net.
16:00 of 3rd period - Snap shot by Antoine Roussel.
16:00 of 3rd period - Shot Blocked by Dennis Wideman.
16:02 of 3rd period - Slapshot by Mike Green.
16:02 of 3rd period - Stopped by Jonathan Bernier without a rebound.
16:03 of 3rd period - Derick Brassard wins face-off versus Marcel Goc in Canadiens zone.
17:04 of 3rd period - Snap shot by Marcel Goc.
17:04 of 3rd period - Stopped by Jimmy Howard with a rebound.
17:32 of 3rd period - Penalty to Sidney Crosby is over, Sidney Crosby is back on ice.
17:36 of 3rd period - Peter Regin is hit by Luke Schenn and loses puck.
17:49 of 3rd period - Snap shot by David Jones.
17:49 of 3rd period - Shot Blocked by Steve Ott.
17:57 of 3rd period - Wes O'Neill is hit by Mike Green and loses puck.
18:48 of 3rd period - Taylor Pyatt is hit by Greg Stewart and loses puck.
19:01 of 3rd period - Slapshot by Denis Grebeshkov.
19:01 of 3rd period - Shot Misses the Net.
19:18 of 3rd period - Off-side.
19:19 of 3rd period - Peter Regin wins face-off versus Marcel Goc in neutral zone.
19:19 of 3rd period - Peter Regin is hit by David Jones.
19:24 of 3rd period - Icing by David Jones.
19:25 of 3rd period - Marcel Goc wins face-off versus Peter Regin in Canadiens zone.
Goals for this period are 2 for Blackhawks vs 0 for Canadiens.
Shots for this period are 7 for Blackhawks vs 8 for Canadiens.
Back to the Top